 Dungeon Crawl Stone Soup version 0.23.0-33-g5e6c059 (webtiles) character file.

Game seed: 790577682329275177

151 ohad the Changer (level 5, 0/39 HPs)
             Began as an Octopode Transmuter on Feb 26, 2019.
             Slain by an orc priest
             ... wielding a +0 war axe
              (5 damage)
             ... on level 3 of the Dungeon.
             The game lasted 00:06:39 (3048 turns).

ohad the Changer (Octopode Transmuter)              Turns: 3048, Time: 00:06:40

Health: 0/39       AC:  5    Str:  9    XL:     5   Next: 33%
Magic:  6/10       EV: 10    Int: 16    God:
Gold:   85         SH:  0    Dex: 13    Spells: 1/11 levels left

rFire    x . .     SeeInvis .     - Unarmed
rCold    + + +     Gourm    .   (shield currently unavailable)
rNeg     . . .     Faith    .   (helmet currently unavailable)
rPois    +         Spirit   .   (no amulet)
rElec    .         Reflect  .   h - ring of wizardry
rCorr    .         Harm     .   (no ring)
MR       .....                  (no ring)
Stlth    +.........             (no ring)
HPRegen  0.13/turn              (no ring)
MPRegen  0.12/turn              (no ring)
                                (no ring)
                                (no ring)

@: ice-form
A: large, almost no armour, stealthy swim, amphibious, 8 rings, (constrict 8)
a: End Transformation


You were on level 3 of the Dungeon.
You were hungry.
You were a creature of crystalline ice.
You visited 1 branch of the dungeon, and saw 3 of its levels.

You collected 85 gold pieces.

Inventory:

Missiles
 a - 45 arrows
Jewellery
 h - a ring of wizardry (left front paw)
Scrolls
 d - 2 scrolls of identify {unknown}
 i - 3 scrolls of fog {unknown}
 k - 2 scrolls of teleportation {unknown}
 l - a scroll of enchant weapon {unknown}
 m - a scroll of remove curse
 n - a scroll of enchant armour {unknown}
Potions
 e - 2 potions of agility {unknown}
 f - 2 potions of curing {unknown}
 g - a potion of degeneration {unknown}
 j - a potion of lignification {unknown}
Comestibles
 c - 2 rations


   Skills:
 - Level 1.0 Fighting
 - Level 2.0 Dodging
 + Level 3.0 Unarmed Combat
 - Level 3.5 Spellcasting
 - Level 3.7 Transmutations
 - Level 1.6 Ice Magic


You had one spell level left.
You knew the following spells:

 Your Spells              Type           Power        Failure   Level  Hunger
a - Beastly Appendage     Tmut           ##....       1%          1    None
b - Sticks to Snakes      Tmut           ##......     2%          2    ##.....
c - Spider Form           Tmut/Pois      #.........   11%         3    ###....
d - Ice Form              Ice/Tmut       ##......     24%         4    ####...

Your spell library contained the following spells:

 Spells                   Type           Power        Failure   Level  Hunger
 Blade Hands              Tmut           ##........   38%         5    ######.


Dungeon Overview and Level Annotations

Branches:
Dungeon (3/15)

Altars:
Makhleb


Innate Abilities, Weirdness & Mutations

You cannot wear most types of armour.
You are very stealthy in the water. (Stealth+)
You are amphibious.
You can wear up to eight rings at the same time.
((You can use your tentacles to constrict eight enemies at once.))
((Your skin changes colour to match your surroundings (Stealth+).))
((Your rubbery body absorbs attacks. (AC +1, EV +1)))


Message History

The orc priest mumbles some strange prayers to Beogh against you.
Beogh smites you!
The orc wizard gestures wildly while chanting.
The orc wizard flickers and vanishes!
Deactivating autopickup; reactivate with Ctrl-A.
You hit the orc priest. You freeze the orc priest.
The orc priest is heavily wounded.
The orc priest hits you with a +0 war axe!
Something hits you but does no damage.
You completely miss the orc priest.
The orc priest is heavily wounded.
The orc priest invokes the aid of Beogh against you.
Beogh smites you!
* * * LOW HITPOINT WARNING * * *
Something hits you.
* * * LOW HITPOINT WARNING * * *
You hit the orc priest. You freeze the orc priest.
The orc priest is severely wounded.
The orc priest hits you with a +0 war axe.
You die...

#.# #.#
#.# #.#
#######.#
#.......#
#.#####?#
#.#
#{#♣♣♣♣♣..
#<#
#.YooS....
#.#
##########
#.# #.#
#.# #.#
#.# #.#
#.#


You could see an orc priest, an adder and an orc.

Vanquished Creatures
  A hound (D:2)
  4 gnolls (D:2)
  3 adders (D:2)
  An ooze (D:2)
  2 worms (D:2)
  2 leopard geckos
  An orc (D:3)
  A giant cockroach (D:1)
  9 goblins
  7 hobgoblins
  2 quokkas (D:2)
  5 bats
  A frilled lizard (D:1)
  2 kobolds (D:2)
  3 rats (D:1)
44 creatures vanquished.

Vanquished Creatures (collateral kills)
  A bat (D:2)
1 creature vanquished.

Grand Total: 45 creatures vanquished

Notes
Turn   | Place    | Note
-------+----------+-------------------------------------------
     0 | D:1      | ohad the Octopode Transmuter began the quest for the Orb.
     0 | D:1      | Reached XP level 1. HP: 13/13 MP: 3/3
   468 | D:1      | Reached XP level 2. HP: 18/18 MP: 3/5
  1144 | D:1      | Reached XP level 3. HP: 19/23 MP: 4/6
  1326 | D:2      | Learned a level 2 spell: Sticks to Snakes
  1330 | D:2      | Learned a level 3 spell: Spider Form
  1837 | D:2      | Reached XP level 4. HP: 14/28 MP: 4/8
  2011 | D:2      | Found a burning altar of Makhleb.
  2569 | D:2      | Learned a level 4 spell: Ice Form
  2585 | D:2      | Reached XP level 5. HP: 25/33 MP: 8/10
  2753 | D:2      | Reached skill level 1 in Ice Magic
  3048 | D:3      | Slain by an orc priest

Skill      XL: |  1  2  3  4  5 |
---------------+----------------+-----
Transmutations | 3 |  3.7
Spellcasting   | 3 |  3.5
Ice Magic      | 1 |  1.6
Fighting       | |  1.0
Dodging        | |  2.0
Unarmed Combat | |  3.0

Action                   |  1- 3 |  4- 6 || total
-------------------------+-------+-------++-------
Melee: Unarmed           |    72 |    54 ||   126
       Constrict         |    22 |     3 ||    25
       Kick              |    14 |       ||    14
       Tentacles         |     5 |     4 ||     9
       Punch             |     1 |       ||     1
 Cast: Beastly Appendage |    19 |     2 ||    21
       Spider Form       |     1 |     5 ||     6
       Sticks to Snakes  |     1 |       ||     1
       Ice Form          |       |     1 ||     1
  Use: Scroll            |     1 |       ||     1
 Stab: Sleeping          |     6 |     3 ||     9
  Eat: Chunk             |     3 |     4 ||     7
Armor: Skin              |    12 |     5 ||    17
Dodge: Dodged            |    41 |    35 ||    76
